 Dungeon Crawl Stone Soup version 0.31.0-12-g77e489cdc1 (webtiles) character file.

Game seed: 4723798763949219331

2 James the Apothecary (level 1, -1/15 HPs)
             Began as a Naga Alchemist on Feb 25, 2024.
             Slain by a kobold
             ... wielding a +0 short sword
              (4 damage)
             ... on level 1 of the Dungeon.
             The game lasted 00:01:45 (139 turns).

James the Apothecary (Naga Alchemist)                Turns: 139, Time: 00:01:45

Health: -1/15      AC:  1    Str: 10    XL:     1   Next: 40%
Magic:  2/3        EV:  9    Int: 15    God:
Gold:   41         SH:  0    Dex: 11    Spells: 3/4 levels left

rFire   . . .        c - +0 short sword
rCold   . . .        (no shield)
rNeg    . . .        a - +0 robe
rPois   +            (no helmet)
rElec   .            (no cloak)
rCorr   .            (no gloves)
SInv    +            (no barding)
Will    .....        (no amulet)
Stlth   ++           (no ring)
HPRegen 0.22/turn    (no ring)
MPRegen 0.08/turn

%: no passive effects
@: very slow
A: AC +0, large, see invisible, deformed body, poison resistance, slowness 2,
spit poison 1, naga tail 1
a: Spit Poison


You were on level 1 of the Dungeon.
You visited 1 branch of the dungeon, and saw 1 of its levels.

You collected 41 gold pieces.

Inventory:

Hand Weapons
 c - a +0 short sword (weapon)
   (You found it on level 1 of the Dungeon)
Missiles
 d - 3 stones
Armour
 a - a +0 robe (worn)
Potions
 b - a potion of magic


   Skills:
 + Level 1.6 Dodging
 + Level 3.1 Stealth
 + Level 2.0 Spellcasting
 + Level 1.0 Conjurations
 + Level 3.6 Alchemy


You had 3 spell levels left.
You knew the following spells:

 Your Spells              Type           Power      Damage    Failure   Level
a - Sting                 Conj/Alch      32%        1d5       9%          1

Your spell library contained the following spells:

 Spells                   Type           Power      Damage    Failure   Level
 Mercury Vapours          Alch/Air       14%        N/A       16%         2
 Mephitic Cloud           Conj/Alch/Air  6%         N/A       34%         3
 Olgreb's Toxic Radiance  Alch           12%        N/A       43%         4
 Sticky Flame             Fire/Alch      7%         2d4       71%         4


Dungeon Overview and Level Annotations

Branches:
Dungeon (1/15)

Altars:


Innate Abilities, Weirdness & Mutations

Your serpentine skin is tough. (AC +0)
You have supernaturally acute eyesight. (SInv)
Armour fits poorly on your strangely shaped body.
Your system is resistant to poisons. (rPois)
You cover ground very slowly.
You can spit poison.
You have a snake-like lower body.


Message History

You kill the kobold!
You start resting.
Your magical contamination has completely faded away.
You start resting.
You start resting.
Found 20 gold pieces.
You see here a +0 short sword.
Found 18 gold pieces.
A goblin comes into view. It is wielding a +0 club.
You see here 12 gold pieces.
You can't see any susceptible monsters within range! (Use Z to cast anyway.)
A frilled lizard comes into view.
You see here 18 gold pieces.
You see here 12 gold pieces.
Press: ? - help, Shift-Dir - straight line, f - goblin
Aim: a goblin, wielding a +0 club (60% to hit)
The sting hits the goblin.
The goblin is poisoned.
You kill the goblin!
You start resting.
Things that are here:
a +0 club; a goblin corpse You now have 23 gold pieces (gained 12).
The frilled lizard hisses angrily.
Press: ? - help, Shift-Dir - straight line, f - frilled lizard
Aim: a frilled lizard (48% to hit)
The sting hits the frilled lizard.
The frilled lizard is poisoned.
You kill the frilled lizard!
You start resting.
You now have 41 gold pieces (gained 18).
A kobold comes into view. It is wielding a +0 short sword.
Press: ? - help, Shift-Dir - straight line, f - kobold
Aim: a kobold, wielding a +0 short sword and quivering stones (asleep, 100% to hit)
The sting hits the kobold but does no damage.
The kobold is poisoned.
The kobold shouts!
The kobold throws a stone.
The stone hits you but does no damage.
The kobold hits you with a +0 short sword. x2
You barely miss the kobold.
The kobold hits you with a +0 short sword.
* * * LOW HITPOINT WARNING * * *
You barely miss the kobold.
The kobold looks more healthy.
The kobold barely misses you.
You closely miss the kobold.
The kobold hits you with a +0 short sword.
* * * LOW HITPOINT WARNING * * *
Unknown command.
You miss the kobold. The kobold closely misses you.
You completely miss the kobold.
The kobold hits you with a +0 short sword.
You die...

#### ~P~# ~PP# P~P# ##.#
#### ##.# ..# ...# #K#
##.# ##@## #.#
####.r.####..
##.#####.#.#............
...#....# #.......####..
.....# #.#.#.#.## ...###
....#.#.# #.## #####)#..
...# #.##.. .#.# #.# ...


You could see a quokka and a kobold.

Vanquished Creatures
  A goblin (D:1)
  A frilled lizard (D:1)
  A kobold (D:1)
3 creatures vanquished.

Notes
Turn   | Place    | Note
-------+----------+-------------------------------------------
     0 | D:1      | James the Naga Alchemist began the quest for the Orb.
     0 | D:1      | Reached XP level 1. HP: 15/15 MP: 3/3
   139 | D:1      | Slain by a kobold

Illustrated notes

Levels and vault maps discovered:
D:1:      psy_arrival_conway, layout_loops_ring, serial_shops,
          nicolae_shop_tiny_glass, shop, shop,
          shapermc_ecumenical_altar_hornbeckon

Action                     || total
---------------------------++-------
  Melee: Short sword       ||     8
   Cast: Sting             ||     4
 Armour: Robe              ||     7
  Dodge: Dodged            ||     3
